 Dungeon Crawl Stone Soup version 0.25-a0-782-g655279ceaa (webtiles) character file.

Game seed: 11392739710514987438, levelgen mode: deterministic

76 kae the Ruffian (level 4, -1/35 HPs)
             Began as a Draconian Transmuter on Apr 16, 2020.
             Slain by Edmund
             ... wielding a +0 dire flail of draining
              (5 damage)
             ... on level 4 of the Dungeon.
             The game lasted 00:02:05 (2210 turns).

kae the Ruffian (Draconian Transmuter)              Turns: 2210, Time: 00:02:06

Health: -1/35      AC:  2    Str: 13    XL:     4   Next: 12%
Magic:  5/7        EV: 17    Int: 15    God:
Gold:   88         SH:  0    Dex: 17    Spells: 2/8 levels left

rFire    . . .     SeeInvis .     - Unarmed
rCold    . . .     Gourm    .   (shield currently unavailable)
rNeg     . . .     Faith    .   (armour unavailable)
rPois    x         Spirit   .   (helmet currently unavailable)
rElec    .         Reflect  .   (cloak currently unavailable)
rCorr    .         Harm     .   (gloves currently unavailable)
MR       .....                  (boots currently unavailable)
Stlth    ++........             (no amulet)
HPRegen  0.11/turn              d - +2 ring of intelligence
MPRegen  0.10/turn              (no ring)

@: spider-form (expiring), heavily drained
A: tiny, unfitting armour, AC +5
a: End Transformation


You were on level 4 of the Dungeon.
You were very hungry.
You were a venomous arachnid creature.
You visited 1 branch of the dungeon, and saw 3 of its levels.

You collected 88 gold pieces.

Inventory:

Missiles
 a - 12 arrows
Armour
 h - a cursed -2 cloak (melded)
Jewellery
 d - a +2 ring of intelligence (left front leg)
 j - an uncursed amulet of harm
Wands
 f - a wand of disintegration (15)
Scrolls
 b - a scroll of blinking
 i - 2 scrolls of identify
 k - a scroll of magic mapping {unknown}
 l - a scroll of remove curse
Potions
 e - a potion of curing
 g - a potion of heal wounds
Comestibles
 c - 8 rations


   Skills:
 - Level 1.1(0.0) Fighting
 - Level 1.7(0.0) Dodging
 * Level 4.1(1.7) Unarmed Combat
 + Level 2.6(0.3) Spellcasting
 + Level 2.8(0.5) Transmutations


You had 2 spell levels left.
You knew the following spells:

 Your Spells              Type           Power        Failure   Level  Hunger
a - Beastly Appendage     Tmut           #.....       43%         1    ##.....
b - Sticks to Snakes      Tmut           #.......     54%         2    ###....
c - Spider Form           Tmut/Pois      #.........   78%         3    ####...

Your spell library contained the following spells:

 Spells                   Type           Power        Failure   Level  Hunger
 Ice Form                 Ice/Tmut       #.......     98%         4    #####..
 Blade Hands              Tmut           #.........   100%        5    ######.


Dungeon Overview and Level Annotations

Branches:
Dungeon (2/15)

Altars:
Cheibriados
Fedhas

Annotations:
D:4 Edmund


Innate Abilities, Weirdness & Mutations

((Your plain brown scales are hard. (AC +5)))
You cannot fit into any form of body armour.
((You are cold-blooded and may be slowed by cold attacks.))


Message History

You completely miss Edmund.
Edmund drinks a potion.
Edmund goes berserk!
You hit Edmund.
Edmund is poisoned.
Edmund is lightly wounded.
Edmund closely misses you.
You hit Edmund.
Edmund looks as sick as possible!
Edmund is lightly wounded.
Edmund misses you. Edmund completely misses you.
You hit Edmund but do no damage.
Edmund looks as sick as possible!
Edmund is lightly wounded.
Edmund hits you with a +0 dire flail of draining!
You feel drained.
You closely miss Edmund.
Edmund is lightly wounded.
Edmund closely misses you.
You hit Edmund but do no damage.
Edmund looks as sick as possible!
Edmund is lightly wounded.
Edmund hits you with a +0 dire flail of draining!
* * * LOW HITPOINT WARNING * * *
You feel drained.
You die...

##...#.###
........#
.......###
........
....<# ....
######.####..#
#.....s@...!..
#.#########...
#.# #.# #.#
#.# #.# #.#
##.##


You could see Edmund (berserk).

Vanquished Creatures
  2 hound skeletons (D:4)
  A shadow imp (D:4)
  2 oozes (D:1)
  A dart slug (D:1)
  A leopard gecko (D:1)
  3 orcs (D:4)
  A bat (D:1)
  2 giant cockroaches (D:1)
  5 goblins
  2 hobgoblins
  3 kobolds
  A ball python (D:4)
  4 rats
28 creatures vanquished.

Notes
Turn   | Place    | Note
-------+----------+-------------------------------------------
     0 | D:1      | kae the Draconian Transmuter began the quest for the Orb.
     0 | D:1      | Reached XP level 1. HP: 16/16 MP: 3/3
   391 | D:1      | Reached XP level 2. HP: 19/23 MP: 5/5
  1444 | D:2      | Reached XP level 3. HP: 28/28 MP: 4/6
  1448 | D:2      | Learned a level 2 spell: Sticks to Snakes
  1452 | D:2      | Learned a level 3 spell: Spider Form
  1484 | D:2      | Found a snail-covered altar of Cheibriados.
  1509 | D:2      | Found a blossoming altar of Fedhas.
  1633 | D:2      | You fall into a shaft and drop 2 floors!
  1793 | D:4      | Reached skill level 4 in Unarmed Combat
  1793 | D:4      | Reached XP level 4. HP: 33/35 MP: 5/7
  2200 | D:4      | Noticed Edmund
  2210 | D:4      | Slain by Edmund

Levels and vault maps discovered:
D:1:      lightli_iron_boxes, layout_loops_corners
D:2:      layout_basic, nicolae_overflow_crystal_walls, bloody_trog,
          marbit_many_paths, kennysheep_cross_room, fedhas_altar_2
D:4:      layout_loops_ring, lightli_temple_of_fire,
          ashenzari_conservatory_becter, minmay_temple_entry_mini_moons,
          first_ration, brannock_xom_greatest_gift, uniq_blork_the_orc,
          uniq_duvessa, uniq_edmund

Skill      XL: |  1  2  3 |
---------------+----------+-----
Unarmed Combat | 4 |  4.1
Fighting       | |  1.1
Dodging        | |  1.7
Spellcasting   | |  2.6
Transmutations | |  2.8

Action                   |  1- 3 |  4- 6 || total
-------------------------+-------+-------++-------
Melee: Unarmed           |    84 |    20 ||   104
       Headbutt          |     9 |     2 ||    11
       Tailslap          |     3 |     1 ||     4
       Punch             |     1 |       ||     1
       Kick              |     3 |       ||     3
 Cast: Beastly Appendage |    15 |     1 ||    16
       Spider Form       |       |     1 ||     1
  Use: Scroll            |     5 |       ||     5
  Eat: Chunk             |     2 |     1 ||     3
Armor: Skin              |    20 |     3 ||    23
Dodge: Dodged            |    47 |    15 ||    62

Table legend:
 A = Non-vault XP
 B = Vault XP
 C = Vault XP percentage of total XP
 D = Non-vault monster count
 E = Vault monster count
 F = Vault count percentage of total count
                 A         B        C        D         E       F
            +---------+---------+-------+---------+---------+-------
      Total |     109 |       0 |   0.0 |      28 |       0 |   0.0
            +---------+---------+-------+---------+---------+-------
        D:1 |      39 |       0 |   0.0 |      15 |       0 |   0.0
        D:2 |      10 |       0 |   0.0 |       6 |       0 |   0.0
        D:4 |      60 |       0 |   0.0 |       7 |       0 |   0.0
            +---------+---------+-------+---------+---------+-------
